 Dungeon Crawl Stone Soup version 0.22-a0-825-ga28c36f (console) character file.

1219 tminei the Digger (level 8, -5/41 HPs)
             Began as a Gargoyle Earth Elementalist on July 24, 2018.
             Was a Follower of Sif Muna.
             Slain by an orc warrior
             ... wielding a +0 glaive
              (18 damage)
             ... on level 7 of the Dungeon.
             The game lasted 00:40:59 (5545 turns).

tminei the Digger (Gargoyle Earth Elementalist)     Turns: 5545, Time: 00:41:00

Health: -5/41      AC: 10    Str: 13    XL:     8   Next: 47%
Magic:  1/15       EV: 13    Int: 17    God:    Sif Muna [*.....]
Gold:   215        SH:  0    Dex: 10    Spells: 1/16 levels left

rFire    . . .     SeeInvis .   y - +4 quarterstaff (chaos)
rCold    + . .     Gourm    .   (shield currently unavailable)
rNeg     + + .     Faith    .   C - +1 robe {rC+}
rPois    ∞         Spirit   .   t - +0 helmet
rElec    +         Reflect  .   z - +0 cloak
rCorr    .         Harm     .   (no gloves)
MR       .....                  (no boots)
Stlth    ++++......             (no amulet)
HPRegen  0.13/turn              a - ring of stealth
MPRegen  0.14/turn              u - ring of positive energy

@: no status effects
A: negative energy resistance 1, electricity resistance, unbreathing,
petrification resistance, rot immunity, AC +5
a: Divine Energy, Renounce Religion


You were on level 7 of the Dungeon.
You worshipped Sif Muna.
Sif Muna was aware of your devotion.
You were hungry.

You visited 2 branches of the dungeon, and saw 8 of its levels.

You collected 215 gold pieces.

Inventory:

Hand Weapons
 k - a +1 dagger
 s - a +0 hand axe of chopping
 y - a +4 quarterstaff of chaos (weapon)
 A - a +0 scythe
Missiles
 n - 60 arrows
 x - 7 tomahawks (quivered)
Armour
 c - a +1 robe
 t - a +0 helmet (worn)
 z - a +0 cloak (worn)
 C - a +1 robe of cold resistance (worn)
Magical Staves
 f - an uncursed staff of wizardry
Jewellery
 a - a ring of stealth (left hand)
 p - an uncursed ring of flight
 u - a ring of positive energy (right hand)
 v - an uncursed ring of positive energy
Scrolls
 i - 2 scrolls of identify
 l - 2 scrolls of remove curse
 q - a scroll of enchant armour
 E - a scroll of amnesia {unknown}
Potions
 e - a potion of mutation {unknown}
 g - 2 potions of haste
 j - 2 potions of curing {unknown}
 m - 3 potions of heal wounds {unknown}
 o - 3 potions of degeneration {unknown}
 r - a potion of agility {unknown}
 w - a potion of brilliance {unknown}
 B - a potion of invisibility {unknown}
Comestibles
 d - 8 rations


   Skills:
 + Level 4.2 Dodging
 + Level 6.1 Stealth
 + Level 4.9 Spellcasting
 - Level 0.7 Transmutations
 + Level 7.1 Earth Magic


You had one spell level left.
You knew the following spells:

 Your Spells              Type           Power        Failure   Level  Hunger
a - Sandblast             Erth           ####..       1%          1    None
b - Stone Arrow           Conj/Erth      ###...       10%         3    ###....
c - Passwall              Tmut/Erth      ###.....     4%          2    #......
d - Petrify               Tmut/Erth      ###.....     28%         4    ####...
e - Lee's Rapid Deconstr  Erth           ####......   22%         5    ######.

Your spell library contained the following spells:

 Spells                   Type           Power        Failure   Level  Hunger


Dungeon Overview and Level Annotations

Branches:
Dungeon (7/15)             Temple (1/1) D:5

Altars:
Ashenzari
Cheibriados
Dithmenos
Elyvilon
Fedhas
Gozag
Hepliaklqana
Kikubaaqudgha
Makhleb
Nemelex Xobeh
Okawaru
Qazlal
Ru
Sif Muna
Trog
Uskayaw
Vehumet
Wu Jian
Xom
Yredelemnul
The Shining One

Shops:
D:5 =

Annotations:
D:6 Verendum's ghost, novice HOMo; lurker's ghost, novice GnFi


Innate Abilities, Weirdness & Mutations

You are resistant to torment.
Your stone body is resilient. (AC +5)
You are immune to poison.
You resist negative energy. (rN+)
You are resistant to electric shocks. (rElec)
You can survive without breathing.
You are immune to petrification.
You are immune to rotting.


Message History

An orc comes into view.
It is wielding a short sword of holy wrath.
The orc moves out of view.
Casting: Stone Arrow (safe; 10% risk of failure)
Confirm with . or Enter, or press ? or * to list all spells.
Aiming: Stone Arrow (safe; 10% risk of failure)
Press: ? - help, Shift-Dir - straight line, f/p - orc warrior
Aim: an orc warrior, wielding a glaive and wearing a chain mail The stone arrow misses the orc warrior.
The orc warrior closely misses you.
You now have 0/15 mp.
The orc shouts!
The orc warrior hits you with a glaive.
You take 5 damage, and have 29/41 hp.
You barely miss the orc warrior. The orc warrior hits you with a glaive!
You take 11 damage, and have 18/41 hp.
MASSIVE DAMAGE!!
The orc warrior hits you with a glaive.
You take 5 damage, and have 13/41 hp.
The orc closely misses you.
The orc warrior hits you from afar with a glaive!!
You die...

.... ... .. . . ЇЇ ..
.ЇЇЇ .
..ЇЇЇЇЇЇЇЇЇЇ.... ..
...........ЇЇЇЇ.%.
ЇЇЇЇЇЇ....@.........
ЇЇЇ........o......Ї.
ЇЇЇ...ЇЇЇ......o....Ї
ЇЇЇЇ...ЇЇЇ
Ї...........Ї
.)...ЇЇЇ
ЇЇ.........ЇЇ


ЇЇЇЇЇЇ ЇЇ...Ї...ЇЇ ЇЇЇЇЇЇЇЇЇ You could see an orc warrior and an orc.

Vanquished Creatures
  A hippogriff (D:7)
  Sigmund (D:6)
  An ice beast (D:5)
  A bullfrog (D:6)
  3 crimson imps
  Crazy Yiuf (D:4)
  2 hounds (D:5)
  A jelly (D:5)
  2 bullfrog skeletons
  An orc wizard (D:4)
  Jessica (D:3)
  Natasha (thrice) (D:4)
  4 worker ants
  A hound zombie (D:5)
  A hound skeleton (D:7)
  4 adders
  An ooze (D:4)
  An adder skeleton (D:6)
  5 worms
  7 leopard geckos
  12 orcs
  7 giant cockroaches
  5 goblins
  7 hobgoblins
  7 jackals
  2 quokkas
  2 ball pythons
  5 bats
  7 frilled lizards
  A jackal skeleton (D:5)
  6 kobolds
  2 rats
105 creatures vanquished.

Vanquished Creatures (others)
  Blork the orc (D:4)
  6 withered plants (D:6)
7 creatures vanquished.

Grand Total: 112 creatures vanquished

Notes
Turn   | Place    | Note
-------+----------+-------------------------------------------
     0 | D:1      | tminei the Gargoyle Earth Elementalist began the quest for the Orb.
     0 | D:1      | Reached XP level 1. HP: 10/10 MP: 3/3
   242 | D:1      | Reached skill level 4 in Earth Magic
   242 | D:1      | Reached XP level 2. HP: 15/15 MP: 3/5
   949 | D:2      | Reached XP level 3. HP: 19/19 MP: 4/6
   990 | D:2      | Reached skill level 2 in Dodging
  1016 | D:2      | Learned a level 3 spell: Stone Arrow
  1405 | D:3      | Reached XP level 4. HP: 22/24 MP: 3/7
  1576 | D:3      | Learned a level 2 spell: Passwall
  1769 | D:3      | Reached skill level 3 in Stealth
  1877 | D:3      | Noticed Jessica
  1880 | D:3      | Killed Jessica
  1895 | D:3      | Found a deep blue altar of Sif Muna.
  1909 | D:3      | Became a worshipper of Sif Muna the Loreminder
  2097 | D:4      | Reached XP level 5. HP: 21/28 MP: 3/9
  2174 | D:4      | Reached skill level 3 in Spellcasting
  2189 | D:4      | Learned a level 4 spell: Petrify
  2216 | D:4      | Noticed Natasha
  2270 | D:5      | Entered Level 5 of the Dungeon
  2270 | D:5      | Found Roywn's Jewellery Shop.
  2330 | D:5      | Reached skill level 5 in Earth Magic
  2416 | D:5      | Found a staircase to the Ecumenical Temple.
  2628 | D:4      | Reached XP level 6. HP: 23/32 MP: 1/10
  2845 | D:4      | Killed Natasha
  2923 | D:4      | Found a runed door.
  2927 | D:4      | Noticed Crazy Yiuf
  2932 | D:4      | Killed Crazy Yiuf
  2932 | D:4      | Reached skill level 4 in Stealth
  3006 | D:4      | Noticed Blork the orc
  3088 | Temple   | Entered the Ecumenical Temple
  3360 | D:4      | Noticed Natasha
  3366 | D:4      | Killed Blork the orc
  3366 | D:4      | Reached skill level 3 in Dodging
  3374 | D:4      | Killed Natasha
  3409 | D:4      | Noticed Natasha
  3417 | D:4      | Killed Natasha
  3758 | D:5      | Noticed an ice beast
  3767 | D:5      | Killed an ice beast
  3767 | D:5      | Reached XP level 7. HP: 36/36 MP: 7/12
  3829 | D:5      | Reached skill level 4 in Spellcasting
  3829 | D:5      | Reached skill level 6 in Earth Magic
  4147 | D:5      | Reached skill level 5 in Stealth
  4363 | D:6      | Found a runed gate.
  4366 | D:6      | Noticed Sigmund
  4407 | D:6      | Killed Sigmund
  4407 | D:6      | Reached * piety under Sif Muna
  4407 | D:6      | Reached XP level 8. HP: 3/41 MP: 0/14
  4807 | D:6      | Learned a level 5 spell: Lee's Rapid Deconstruction
  4847 | D:6      | Found a runed gate.
  4851 | D:6      | Found a runed gate.
  4851 | D:6      | Noticed Verendum's ghost (novice HOMo)
  4851 | D:6      | Noticed lurker's ghost (novice GnFi)
  4878 | D:6      | Reached skill level 4 in Dodging
  4935 | D:6      | Found a shimmering altar of Xom.
  5274 | D:6      | Found a radiant altar of Vehumet.
  5274 | D:6      | Found a basalt altar of Yredelemnul.
  5281 | D:6      | Found an opulent altar of Gozag.
  5381 | D:7      | Noticed a hippogriff
  5407 | D:7      | Killed a hippogriff
  5407 | D:7      | Reached skill level 6 in Stealth
  5407 | D:7      | Reached skill level 7 in Earth Magic
  5545 | D:7      | Slain by an orc warrior

Vault maps used:
D:1:      dpeg_arrival_long_road, hangedman_decor_clover_reticule
D:2:      first_ration
D:3:      tgw_sif
D:4:      minivault_19, uniq_blork_the_orc, uniq_crazy_yiuf_cottage,
          uniq_natasha
D:5:      minmay_temple_entry_trees, serial_shops, shop, portal_sewer_entry_f
D:6:      nicolae_overflow_hidden_temple, lemuel_coloured_pillars_altar,
          marbit_many_paths, gammafunk_ghost_cemetery, serial_shops,
          kennysheep_mini, uniq_sigmund
D:7:      chequers_ossuary_entry_cave, nrook_pool_corridor, uniq_joseph
Temple:   minmay_crystal_spiral_temple

Skill      XL: |  1  2  3  4  5  6  7  8 |
---------------+-------------------------+-----
Earth Magic    | 4 5 6 7 |  7.1
Dodging        | 2 3 4 |  4.2
Stealth        | 3 4 5 6 |  6.1
Spellcasting   | 3 4 |  4.9
Transmutations | |  0.7

Action                   |  1- 3 |  4- 6 |  7- 9 || total
-------------------------+-------+-------+-------++-------
Melee: Dagger            |    10 |     8 |       ||    18
       Quarterstaff      |       |     3 |    15 ||    18
Throw: Tomahawk          |       |    10 |       ||    10
 Cast: Sandblast         |    47 |    83 |    57 ||   187
       Stone Arrow       |       |     7 |    14 ||    21
       Passwall          |       |     2 |     9 ||    11
       Lee's Rapid Decon |       |       |     1 ||     1
       Petrify           |       |       |     1 ||     1
  Use: Scroll            |     1 |     8 |     1 ||    10
  Eat: Chunk             |     2 |     3 |     2 ||     7
       Ration            |       |     2 |     1 ||     3
Armor: Robe              |     7 |    30 |    32 ||    69
Dodge: Dodged            |    18 |    45 |    53 ||   116

Table legend:
 A = Spawn XP
 B = Non-spawn XP
 C = Spawn XP percentage of total XP
 D = Spawn monster count
 E = Non-spawn monster count
 F = Spawn count percentage of total count
 G = Total turns spent on level
                    A         B        C        D         E        F      G
               +---------+---------+-------+---------+---------+-------+---------
         Total |       0 |    1742 |   0.0 |       0 |     106 |   0.0 |  5545
               +---------+---------+-------+---------+---------+-------+---------
           D:1 |       0 |      17 |   0.0 |       0 |       9 |   0.0 |   620
           D:2 |       0 |      40 |   0.0 |       0 |      22 |   0.0 |   513
           D:3 |       0 |      81 |   0.0 |       0 |      19 |   0.0 |   870
           D:4 |       0 |     405 |   0.0 |       0 |      21 |   0.0 |  1280
           D:5 |       0 |     425 |   0.0 |       0 |      17 |   0.0 |   856
           D:6 |       0 |     492 |   0.0 |       0 |      12 |   0.0 |  1020
           D:7 |       0 |     282 |   0.0 |       0 |       6 |   0.0 |   216
               +---------+---------+-------+---------+---------+-------+---------
